 Dungeon Crawl Stone Soup version 0.30-a0-800-g7c544603b3 (webtiles) character file.

Game seed: 14870298267857249570

2523 Aneyh the Fighter (level 9, 0/64 HPs)
             Began as a Tengu Monk on Feb 23, 2023.
             Slain by a manticore (8 damage)
             ... on level 6 of the Dungeon.
             The game lasted 00:12:45 (5226 turns).

Aneyh the Fighter (Tengu Monk)                      Turns: 5226, Time: 00:12:46

Health: 0/64       AC:  7    Str: 23    XL:     9   Next: 54%
Magic:  10/10      EV: 16    Int: 11    God:
Gold:   474        SH:  0    Dex: 20    Spells: 8/8 levels left

rFire   . . .      SeeInvis .    a - +0 spear
rCold   . . .      Faith    .    (no shield)
rNeg    . . .      Spirit   .    o - +0 robe
rPois   .          Reflect  .    (helmet restricted)
rElec   .          Harm     .    (no cloak)
rCorr   +          Rampage  .    v - +0 pair of gloves
Will    .....      NoCast   +    (boots unavailable)
Stlth   +                        g - amulet of the Equinox {-Cast Regen+ rCorr Str+2 Dex+3}
HPRegen 1.10/turn                r - +6 ring of strength
MPRegen 0.12/turn                B - +4 ring of protection

@: confused, ambrosia-drunk, flying quickly and evasively, quick
A: beak, talons 3, nimble flight
a: no special abilities


You were on level 6 of the Dungeon.
You visited 1 branch of the dungeon, and saw 6 of its levels.
You also visited: Sewer.

You collected 474 gold pieces.

Inventory:

Hand Weapons
 a - a +0 spear (weapon)
 b - a +0 shortbow
 p - the +4 dagger of Benevolence {freeze, *Slow rC+ Str+6}
   (You found it on level 2 of the Dungeon)

   Str:       It affects your strength (+6).
   rC:        It protects you from cold.
   *Slow:     It may slow you when you take damage.
 E - the +3 dagger of Laceration {vamp, *Noise rElec rC+ Str+2}
   (You found it on level 2 of the Dungeon)

   Str:       It affects your strength (+2).
   rC:        It protects you from cold.
   rElec:     It insulates you from electricity.
   *Noise:    It may make noises in combat.
 F - a +0 halberd
 G - a +0 great mace
Armour
 o - a +0 robe (worn)
 v - a +0 pair of gloves (worn)
Jewellery
 g - the amulet of the Equinox (around neck) {-Cast Regen+ rCorr Str+2 Dex+3}
   (You found it on level 2 of the Dungeon)

   [amulet of regeneration]

   Str:       It affects your strength (+2).
   Dex:       It affects your dexterity (+3).
   -Cast:     It prevents spellcasting.
   Regen:     It increases your rate of health regeneration.
   rCorr:     It protects you from acid and corrosion.
 l - a ring of ice
 r - a +6 ring of strength (left hand)
 B - a +4 ring of protection (right hand)
Wands
 k - a wand of digging (2)
 u - a wand of iceblast (12)
Scrolls
 e - 2 scrolls of teleportation
 h - 4 scrolls of identify {unknown}
 i - 3 scrolls of vulnerability {unknown}
 j - a scroll of blinking {unknown}
 q - a scroll of torment {unknown}
 s - 2 scrolls of brand weapon {unknown}
 x - 2 scrolls of fear {unknown}
 y - 2 scrolls of immolation {unknown}
 A - a scroll of acquirement {unknown}
 C - a scroll of silence {unknown}
 I - 2 scrolls of fog {unknown}
 J - a scroll of magic mapping {unknown}
 L - a scroll of noise {unknown}
 M - a scroll of poison {unknown}
Potions
 c - 3 potions of ambrosia
 d - a potion of cancellation {unknown}
 f - 2 potions of magic {unknown}
 m - a potion of mutation {unknown}
 n - a potion of resistance {unknown}
 t - a potion of attraction {unknown}
 w - 2 potions of heal wounds {unknown}
 z - 3 potions of flight {unknown}
 D - 2 potions of brilliance {unknown}
 H - 3 potions of curing
 K - a potion of experience {unknown}


   Skills:
 + Level 11.2 Fighting
 - Level 8.0 Polearms
 - Level 3.2 Dodging
 - Level 2.0 Stealth


You had 8 spell levels left.
You didn't know any spells.
Your spell library contained the following spells:

 Spells                   Type           Power      Damage    Failure   Level
 Apportation              Tloc           0%         N/A       34%         1
 Freeze                   Ice            0%         1d3       34%         1
 Necrotise                Necr           0%         1d4       34%         1
 Summon Small Mammal      Summ           0%         N/A       34%         1
 Frozen Ramparts          Ice            0%         1d1       71%         3
 Hailstorm                Conj/Ice       0%         3d3       71%         3
 Tukima's Dance           Hex            0%         N/A       71%         3
 Passage of Golubria      Tloc           0%         N/A       98%         4
 Yara's Violent Unravell  Hex/Tmut       0%         3d3       100%        5


Dungeon Overview and Level Annotations

Branches:
Dungeon (6/15)              Sewer (visited)
 Temple: D:4-7

Altars:
Ashenzari
Cheibriados
Hepliaklqana
Makhleb
Trog
Xom
Zin

Shops:
D:6 (


Innate Abilities, Weirdness & Mutations

You have a beak for a mouth.
You have claws for feet.
Your magical nature lets you fly swiftly and evasively.


Message History

You claw the manticore, but do no damage.
You peck the manticore, but do no damage.
The manticore is severely wounded.
You carefully extract the barbed spikes from your body.
The manticore completely misses you. The manticore claws you!
The manticore barely misses you.
You closely miss the manticore. Your kick misses the manticore.
You peck the manticore, but do no damage.
The manticore is severely wounded.
The manticore closely misses you. The manticore completely misses you.
The manticore barely misses you.
You hit the manticore but do no damage.
You claw the manticore, but do no damage.
The manticore is severely wounded.
You hit the manticore but do no damage.
The manticore is severely wounded.
The manticore barely misses you. The manticore closely misses you.
The manticore claws you!
You hit the manticore but do no damage. Your kick misses the manticore.
The manticore is severely wounded.
The manticore bites you!
* * * LOW HITPOINT WARNING * * *
The manticore misses you. The manticore claws you.
* * * LOW HITPOINT WARNING * * *
You are confused.
You feel invigorated.
The manticore bites you but does no damage.
The manticore claws you!
* * * LOW HITPOINT WARNING * * *
The manticore misses you.
You're too confused to move!
The manticore barely misses you. The manticore misses you.
The manticore claws you.
* * * LOW HITPOINT WARNING * * *
You bump into the translucent stone wall.
The manticore bites you.
* * * LOW HITPOINT WARNING * * *
The manticore claws you.
* * * LOW HITPOINT WARNING * * *
The manticore claws you!
You die...

##..#.....#...$...
##...##...##...#...
#....###.###.......
#.###.##.##.###....
#..###.#.#.###.....
##..####.####......
##.....♣..........
##..####.####......
##.@###.#.#c###.....
#.H###.##.##.###....
#.....###.## .......
#.#.$.##...# ...
#.##..#..#.. ...
#..##...###. ... #.
##....### ..# #.
#...#### ..# ##.
##.##..##...###..


You could see a manticore.

Vanquished Creatures
  A two-headed ogre (D:5)
  Sigmund (D:3)
  An orc warrior (D:6)
  An ice beast (D:6)
  2 black bears
  An ogre (D:5)
  A centaur (D:5)
  A kobold brigand (D:6)
  2 bullfrogs (Sewer)
  A necrophage (D:5)
  3 scorpions
  4 hounds
  A jelly (D:4)
  An orc priest (D:5)
  Ijyb (D:2)
  4 iguanas
  Natasha (thrice) (D:2)
  The ghost of sircluck the Sneak, a weakling KoDe of Ashenzari (D:6)
  16 adders
  3 gnolls (D:5)
  4 river rats (Sewer)
  A shadow imp (D:6)
  3 worms
  9 dart slugs
  10 orcs
  8 endoplasms
  5 giant cockroaches
  10 goblins
  4 hobgoblins
  8 jackals (D:1)
  12 kobolds
  5 quokkas
  11 ball pythons
  5 bats
  A frilled lizard (Sewer)
  33 rats
178 creatures vanquished.

Vanquished Creatures (others)
  A dart slug (D:3)
1 creature vanquished.

Grand Total: 179 creatures vanquished

Notes
Turn   | Place    | Note
-------+----------+-------------------------------------------
     0 | D:1      | Aneyh the Tengu Monk began the quest for the Orb.
     0 | D:1      | Reached XP level 1. HP: 14/14 MP: 2/2
   101 | D:1      | Reached XP level 2. HP: 19/19 MP: 3/3
   103 | D:1      | You fall into a shaft and drop 1 floor!
   133 | D:2      | Identified the amulet of the Equinox {-Cast Regen+ rCorr
                  | Str+2 Dex+3}
   593 | D:1      | Reached skill level 4 in Fighting
   690 | D:1      | Reached XP level 3. HP: 24/24 MP: 4/4
   726 | D:2      | Noticed Natasha
   749 | D:2      | Killed Natasha
   756 | D:2      | Noticed Natasha
   793 | D:2      | Killed Natasha
   794 | D:2      | Reached XP level 4. HP: 24/29 MP: 5/5
   801 | D:2      | Noticed Natasha
   812 | D:2      | Killed Natasha
   813 | D:2      | Reached skill level 5 in Polearms
   893 | D:2      | Identified the +4 dagger of Benevolence {freeze, *Slow rC+
                  | Str+6}
   894 | D:2      | Identified the +3 dagger of Laceration {vamp, *Noise rElec
                  | rC+ Str+2}
  1022 | D:2      | Gained mutation: Your magical nature lets you fly swiftly
                  | and evasively. [Tengu growth]
  1022 | D:2      | Reached XP level 5. HP: 33/33 MP: 6/6
  1222 | D:2      | Noticed Ijyb
  1240 | D:2      | Killed Ijyb
  1753 | D:3      | Noticed Sigmund
  2114 | D:3      | Killed Sigmund
  2115 | D:3      | Reached XP level 6. HP: 38/38 MP: 7/7
  2479 | D:4      | Noticed a black bear
  2491 | D:4      | Killed a black bear
  2492 | D:4      | Reached XP level 7. HP: 16/44 MP: 8/8
  2713 | D:4      | Reached skill level 5 in Fighting
  3075 | D:5      | Entered Level 5 of the Dungeon
  3176 | D:5      | Reached skill level 6 in Fighting
  3188 | D:5      | Reached XP level 8. HP: 51/52 MP: 9/9
  3301 | D:5      | Reached skill level 7 in Fighting
  3643 | D:5      | Found a hazy altar of Hepliaklqana.
  3646 | D:5      | Found a burning altar of Makhleb.
  3792 | D:5      | Found a bloodstained altar of Trog.
  3796 | D:5      | Found a glowing silver altar of Zin.
  3796 | D:5      | Found a snail-covered altar of Cheibriados.
  4030 | D:5      | Found a broken altar of Ashenzari.
  4030 | D:5      | Found a shimmering altar of Xom.
  4133 | D:6      | Found Bopun's Weapon Shoppe.
  4152 | D:6      | Found a glowing drain.
  4191 | Sewer    | Entered a sewer
  4213 | Sewer    | Reached skill level 8 in Fighting
  4549 | D:6      | Reached skill level 9 in Fighting
  4573 | D:6      | Reached XP level 9. HP: 45/61 MP: 10/10
  4647 | D:6      | Noticed a two-headed ogre
  4822 | D:5      | Killed a two-headed ogre
  4823 | D:5      | Reached skill level 11 in Fighting
  4884 | D:6      | Found a runed translucent door.
  4919 | D:6      | Noticed sircluck's ghost (weakling KoDe)
  4934 | D:6      | Killed sircluck's ghost
  5034 | D:6      | Noticed a manticore
  5223 | D:6      | HP: 3/64 [manticore (8)]
  5226 | D:6      | Slain by a manticore

Illustrated notes

Levels and vault maps discovered:
D:1:      wheals_arrival_shading, layout_loops_ring
D:2:      kennysheep_the_goblin_king, layout_rooms, uniq_natasha
D:3:      kennysheep_slugbush, layout_loops_cross, kennysheep_big_empty_room,
          kennysheep_nondescript, kennysheep_generic_room_13, uniq_sigmund
D:4:      layout_loops_cross
D:5:      layout_loops_ring, gammafunk_temple_overflow_elements,
          nicolae_overflow_hidden_temple
D:6:      layout_cave_pools, ebering_ghost_reflecting_pool,
          gup_sewer_entry_glass, serial_shops, shop, kb_rosetta

Skill      XL: |  1  2  3  4  5  6  7  8  9 |
---------------+----------------------------+-----
Fighting       | 4 6 9 11 | 11.2
Polearms       | 4 5 7 8 |  8.0
Dodging        | |  3.2
Stealth        | |  2.0

Action                     |  1- 3 |  4- 6 |  7- 9 || total
---------------------------+-------+-------+-------++-------
  Melee: Spear             |    77 |   133 |   226 ||   436
         Peck              |    14 |    22 |    45 ||    81
         Kick              |    14 |    35 |    81 ||   130
         Dagger            |       |    23 |    35 ||    58
         Punch             |       |     1 |     1 ||     2
   Fire: Shortbow          |       |       |   125 ||   125
    Use: Scroll            |       |       |     1 ||     1
         Potion            |       |       |     1 ||     1
   Stab: Sleeping          |     5 |    10 |     9 ||    24
         Distracted        |       |     2 |       ||     2
 Armour: Robe              |    13 |     6 |    76 ||    95
  Dodge: Dodged            |    45 |    91 |   228 ||   364

Table legend: (Time is in decaauts)
 A = Elapsed time spent in this place.
 B = Non-inter-level travel time spent in this place.
 C = Inter-level travel time spent in this place.
 D = Time resting spent in this place.
 E = Time spent auto-exploring this place.
 F = Levels seen in this place.
 G = Mean time per level.
                   A        B        C        D        E       F      G
               +--------+--------+--------+--------+--------+-----+--------+
         Total |   4861 |   4527 |    334 |    393 |   2728 |   7 |  694.4 |
       Dungeon |   4543 |   4209 |    334 |    393 |   2604 |   6 |  757.2 |
         Sewer |    317 |    317 |      0 |      0 |    124 |   1 |  317.0 |
               +--------+--------+--------+--------+--------+-----+--------+

Top non-repeatable levels by time:
     D:5: 952 daAuts
     D:2: 866 daAuts
     D:3: 777 daAuts
     D:1: 697 daAuts
     D:4: 635 daAuts
     D:6: 614 daAuts
   Sewer: 317 daAuts
